 Dungeon Crawl Stone Soup version 0.29.0-4-gdea44cf6ec (webtiles) character file.

Game seed: 17946357245541419670

16 qw the Firebug (level 2, -3/23 HPs)
             Began as a Ghoul Fire Elementalist on Aug 29, 2022.
             Slain by a hobgoblin (4 damage)
             ... on level 1 of the Dungeon.
             The game lasted 00:00:40 (1277 turns).

qw the Firebug (Ghoul Fire Elementalist)            Turns: 1277, Time: 00:00:41

Health: -3/23      AC:  2    Str: 11    XL:     2   Next: 54%
Magic:  3/3        EV: 12    Int: 10    God:
Gold:   1          SH:  0    Dex:  9    Spells: 3/4 levels left

rFire   . . .      SeeInvis .     - Unarmed
rCold   + . .      Faith    .   (no shield)
rNeg    + + +      Spirit   .   a - +0 robe
rPois   inf        Reflect  .   (no helmet)
rElec   .          Harm     .   (no cloak)
rCorr   .          Rampage  .   (no gloves)
Will    .....                   (no boots)
Stlth   ++........              (no amulet)
HPRegen 0.00/turn               (no ring)
MPRegen 0.08/turn               (no ring)

@: inhibited regen
A: claws 1, cold resistance 1, negative energy resistance 3, inhibited
regeneration, torment resistance 2, devour on kill
a: no special abilities


You were on level 1 of the Dungeon.
You visited 1 branch of the dungeon, and saw 1 of its levels.

You collected 59 gold pieces.
You spent 58 gold pieces at shops.


Innate Abilities, Weirdness & Mutations

You are immune to poison.
You have sharp fingernails.
Your flesh is cold resistant. (rC+)
You are immune to negative energy. (rN+++)
You do not regenerate when monsters are visible.
You are immune to unholy pain and torment.
You thrive by killing the living.


   Skills:
 - Level 1.1 Fighting
 - Level 1.7 Dodging
 - Level 2.1 Stealth
 + Level 1.8 Unarmed Combat
 - Level 1.7 Spellcasting
 - Level 0.7 Conjurations
 - Level 2.4 Fire Magic


You had 3 spell levels left.
You knew the following spells:

 Your Spells              Type           Power      Damage    Failure   Level
a - Foxfire               Conj/Fire      16%        2x1d4     17%         1

Your spell library contained the following spells:

 Spells                   Type           Power      Damage    Failure   Level
 Scorch                   Fire           10%        2d6       19%         2
 Conjure Flame            Conj/Fire      4%         6-21      45%         3
 Inner Flame              Hex/Fire       3%         N/A       52%         3
 Flame Wave               Conj/Fire      4%         2d5       86%         4

Inventory:

Armour
 a - a +0 robe (worn)
 m - a +0 ring mail
Jewellery
 l - a +4 ring of evasion
Scrolls
 d - a scroll of noise {unknown}
 h - a scroll of teleportation {unknown}
 i - a scroll of immolation {unknown}
 k - a scroll of amnesia {unknown}
Potions
 b - a potion of magic
 c - a potion of attraction {unknown}
 e - a potion of degeneration {unknown}
 f - a potion of brilliance {unknown}
 g - a potion of curing {unknown}
 j - a potion of cancellation {unknown}

Dungeon Overview and Level Annotations

Branches:
Dungeon (1/15)

Altars:

Shops:
D:1 :[(*


Message History

You scratch the ball python.
You kill the ball python!
You feel better.
You barely miss the hobgoblin. The hobgoblin hits you.
You barely miss the hobgoblin. The hobgoblin hits you.
You barely miss the hobgoblin. The hobgoblin barely misses you.
You scratch the hobgoblin.
The hobgoblin is moderately wounded.
The hobgoblin barely misses you.
You scratch the hobgoblin.
The hobgoblin is heavily wounded.
The hobgoblin hits you.
You scratch the hobgoblin but do no damage.
The hobgoblin is moderately wounded.
The hobgoblin completely misses you.
You scratch the hobgoblin.
The hobgoblin is heavily wounded.
The hobgoblin barely misses you.
You barely miss the hobgoblin.
The hobgoblin is heavily wounded.
The hobgoblin hits you.
You completely miss the hobgoblin.
The hobgoblin is heavily wounded.
The hobgoblin hits you.
You closely miss the hobgoblin.
The hobgoblin is heavily wounded.
The hobgoblin completely misses you.
You scratch the hobgoblin.
The hobgoblin is almost dead.
The hobgoblin barely misses you.
You barely miss the hobgoblin.
The hobgoblin is almost dead.
The hobgoblin hits you.
You barely miss the hobgoblin.
The hobgoblin is almost dead.
The hobgoblin hits you.
You die...

###..................~........#
...............~~~..~~........###
......######.....~.#~######......
......# #.....~.~~# ######.
......# #......~~## #. ......#
#####.#~## #. ......# #...# #.
####### #.### #. #@# ## #g# # #..
# ...# ...# #...# .#..# ....#


You could see a hobgoblin.

Vanquished Creatures
  2 ball pythons (D:1)
  A bat (D:1)
  An endoplasm (D:1)
  4 goblins (D:1)
  4 hobgoblins (D:1)
12 creatures vanquished.

Notes
Turn   | Place    | Note
-------+----------+-------------------------------------------
     0 | D:1      | qw the Ghoul Fire Elementalist began the quest for the Orb.
     0 | D:1      | Reached XP level 1. HP: 14/14 MP: 2/2
     0 | D:1      | 0 ||| qw: Version: 0.1-a-90-g952f4b7
     0 | D:1      | 0 ||| qw: Game counter: 4120
     0 | D:1      | 0 ||| qw: Always use a shield: true
     0 | D:1      | 0 ||| qw: God list: Okawaru
     0 | D:1      | 0 ||| qw: Allow faded altars: false
     0 | D:1      | 0 ||| qw: Do Orc after D:15 true
     0 | D:1      | 0 ||| qw: Do second Lair branch before Depths: true
     0 | D:1      | 0 ||| qw: Lair rune preference: random
     0 | D:1      | 0 ||| qw: Plans: Normal
     0 | D:1      | 0 ||| PLANNING D:1-11
    51 | D:1      | HP: 2/14 [hobgoblin (2)]
   315 | D:1      | Found Mosuapn's Armour Shoppe.
   331 | D:1      | 331 ||| SHOPLISTING +0 ring mail (52 gold, have 0).
   331 | D:1      | 331 ||| SHOPLISTING +0 scale mail (52 gold, have 0).
   331 | D:1      | 331 ||| SHOPLISTING +2 robe "Eptiwn" {Int+3} (312 gold,
                  | have 0).
   331 | D:1      | 331 ||| SHOPLISTING +3 chain mail of cold resistance (344
                  | gold, have 0).
   331 | D:1      | 331 ||| SHOPLISTING +3 plate armour of fire resistance (585
                  | gold, have 0).
   332 | D:1      | Found Reogribe's Book Boutique.
   350 | D:1      | Reached skill level 1 in Unarmed Combat
   619 | D:1      | Reached XP level 2. HP: 22/22 MP: 3/3
   715 | D:1      | Found Huurchob's Assorted Antiques.
   728 | D:1      | Reached skill level 1 in Fighting
   808 | D:1      | 808 ||| BUYING golden potion (27 gold).
   808 | D:1      | Bought a golden potion for 27 gold pieces
   808 | D:1      | 808 ||| BUYING scroll labelled KUVINOZYOTH (31 gold).
   808 | D:1      | Bought a scroll labelled KUVINOZYOTH for 31 gold pieces
   808 | D:1      | 808 ||| SHOPLISTING scroll labelled NUPEONKUONI (31 gold,
                  | have 1).
   808 | D:1      | 808 ||| SHOPLISTING scroll labelled VOFAED UFUOG (31 gold,
                  | have 1).
   808 | D:1      | 808 ||| SHOPLISTING scroll labelled ZAF BOUZEO (31 gold,
                  | have 1).
   808 | D:1      | 808 ||| SHOPLISTING scroll labelled ZEOTTO CECKE (31 gold,
                  | have 1).
   959 | D:1      | Found Vamap's Weapon Shoppe.
  1040 | D:1      | 1040 ||| Stepping ~*~*~tactically~*~*~ (stealth).
  1175 | D:1      | Found a faded altar of an unknown god.
  1272 | D:1      | HP: 4/23 [hobgoblin (3)]
  1276 | D:1      | HP: 1/23 [hobgoblin (1)]
  1277 | D:1      | Slain by a hobgoblin

Levels and vault maps discovered:
D:1:      lemuel_arrival_room, layout_basic,
          shapermc_ecumenical_altar_flowoftime, serial_shops,
          nicolae_diamond_shop, nicolae_square_shop,
          nicolae_shop_advertising_works [nicolae_subvault_shop_adworks],
          shop_fountains, chequers_serial_rivers_small_b, st_stairs_8

Skill      XL: |  1  2 |
---------------+-------+-----
Unarmed Combat | 1 |  1.8
Fighting       | 1 |  1.1
Dodging        | |  1.7
Stealth        | |  2.1
Spellcasting   | |  1.7
Conjurations   | |  0.7
Fire Magic     | |  2.4

Action                   || total
-------------------------++-------
Melee: Unarmed           ||    62
       Punch             ||     2
Armor: Robe              ||     3
Dodge: Dodged            ||    22

Table legend:
 A = Non-vault XP
 B = Vault XP
 C = Vault XP percentage of total XP
 D = Non-vault monster count
 E = Vault monster count
 F = Vault count percentage of total count
                 A         B        C        D         E       F
            +---------+---------+-------+---------+---------+-------
      Total |      19 |       4 |  17.4 |      10 |       2 |  16.7
            +---------+---------+-------+---------+---------+-------
        D:1 |      19 |       4 |  17.4 |      10 |       2 |  16.7
            +---------+---------+-------+---------+---------+-------
